 Dungeon Crawl Stone Soup version 0.24.0-2-g5b39cebb1c (webtiles) character file.

Game seed: 4079410777760613822, levelgen mode: deterministic

1050 xccam the Gusty (level 8, -3/60 HPs)
             Began as a Gnoll Wanderer on Oct 31, 2019.
             Was an Initiate of Ru.
             Slain by an orc warrior
             ... wielding a +0 trident
              (16 damage)
             ... on level 5 of the Dungeon.
             The game lasted 00:08:42 (3949 turns).

xccam the Gusty (Gnoll Wanderer)                    Turns: 3949, Time: 00:08:43

Health: -3/60      AC:  8    Str: 16    XL:     8   Next: 26%
Magic:  12/16      EV: 14    Int: 15    God:    Ru [......]
Gold:   183        SH:  0    Dex: 15    Spells: 17/18 levels left

rFire    . . .     SeeInvis .   l - +4 quarterstaff (chaos)
rCold    . . .     Gourm    .   (shield currently unavailable)
rNeg     . . .     Faith    .   k - +0 ring mail
rPois    .         Spirit   .   d - +1 helmet
rElec    .         Reflect  .   o - +0 cloak
rCorr    .         Harm     .   (no gloves)
MR       .....                  (no boots)
Stlth    ++........             (no amulet)
HPRegen  0.20/turn              h - +2 ring of evasion
MPRegen  0.15/turn              (no ring)

@: no status effects
A: distributed training, fangs 1, strong nose
a: Renounce Religion


You were on level 5 of the Dungeon.
You worshipped Ru.
Ru was noncommittal.
You were near starving.

You visited 2 branches of the dungeon, and saw 6 of its levels.

You collected 183 gold pieces.

Inventory:

Hand Weapons
 l - a +4 quarterstaff of chaos (weapon)
 n - a +0 short sword
 q - a +1 whip of freezing
Armour
 d - a +1 helmet (worn)
 k - a +0 ring mail (worn)
 o - a +0 cloak (worn)
Jewellery
 h - a +2 ring of evasion (left hand)
Wands
 p - a wand of flame (15)
Scrolls
 a - a scroll of fog {unknown}
 b - a scroll of blinking
 c - a scroll of enchant weapon
 e - 2 scrolls of identify
 g - a scroll of enchant armour {unknown}
 i - 5 scrolls of remove curse
 m - 3 scrolls of amnesia
 t - a scroll of random uselessness {unknown}
 u - a scroll of magic mapping {unknown}
Potions
 j - 2 potions of might
 r - a potion of haste
 s - a potion of lignification {unknown}
Comestibles
 f - 6 rations


   Skills:
 + Level 4.0 Fighting
 + Level 3.0 Short Blades
 + Level 3.0 Long Blades
 + Level 3.0 Axes
 + Level 3.0 Maces & Flails
 + Level 4.0 Polearms
 + Level 3.0 Staves
 + Level 3.0 Slings
 + Level 3.0 Bows
 + Level 3.0 Crossbows
 + Level 3.0 Throwing
 + Level 3.0 Armour
 + Level 3.0 Dodging
 + Level 5.2 Stealth
 + Level 4.0 Shields
 + Level 3.0 Unarmed Combat
 + Level 5.9 Spellcasting
 + Level 2.4 Conjurations
 + Level 2.4 Hexes
 + Level 2.4 Charms
 + Level 2.4 Summonings
 + Level 2.4 Necromancy
 + Level 2.4 Translocations
 + Level 2.4 Transmutations
 + Level 2.4 Fire Magic
 + Level 2.4 Ice Magic
 + Level 6.0 Air Magic
 + Level 2.4 Earth Magic
 + Level 2.4 Poison Magic
 + Level 3.3 Invocations
 + Level 3.0 Evocations


You had 17 spell levels left.
You knew the following spells:

 Your Spells              Type           Power        Failure   Level  Hunger
a - Shock                 Conj/Air       ###.         4%          1    None

Your spell library contained the following spells:

 Spells                   Type           Power        Failure   Level  Hunger
 Flame Tongue             Conj/Fire      ##...        10%         1    None
 Static Discharge         Conj/Air       ###.....     14%         3    ###....
 Slow                     Hex            ##......     16%         2    #......
 Confuse                  Hex            ##......     30%         3    ###....
 Inner Flame              Hex/Fire       ##......     30%         3    ###....
 Fulminant Prism          Conj/Hex       ##........   69%         4    ####...
 Summon Mana Viper        Hex/Summ       ##......     95%         5    ######.
 Darkness                 Hex            ##........   100%        6    #######


Dungeon Overview and Level Annotations

Branches:
Dungeon (5/15)             Temple (1/1) D:5

Altars:
Ashenzari
Cheibriados
Dithmenos
Elyvilon
Fedhas
Gozag
Hepliaklqana
Kikubaaqudgha
Makhleb
Nemelex Xobeh
Okawaru
Qazlal
Ru
Sif Muna
Trog
Uskayaw
Vehumet
Wu Jian
Xom
Yredelemnul
Zin
The Shining One


Innate Abilities, Weirdness & Mutations

Your experience applies equally to all skills.
You have very sharp teeth.
Your uncanny sense of smell can sniff out nearby items.


Message History

The worker ant closely misses you.
The orc warrior hits you from afar with a +0 trident!
You are too injured to fight recklessly!
You are too injured to fight recklessly!
You are too injured to fight recklessly!
You hit the orc warrior but do no damage.
The orc warrior seems to slow down.
The orc warrior is moderately wounded.
The orc warrior hits you with a +0 trident.
The worker ant wildly waves its antennae.
You hit the orc warrior but do no damage.
The orc warrior is moderately wounded.
The orc warrior hits you with a +0 trident!
* * * LOW HITPOINT WARNING * * *
You sock the orc warrior! You burn the orc warrior.
You bite the orc warrior, but do no damage.
The orc warrior is severely wounded.
The worker ant barely misses the orc warrior.
The orc warrior hits you with a +0 trident!
You die...

#........#
#..#.....
#........#
##.#.....
#........#
#.####'#
#........#
#.## #.#
#........#
#..# #..
#........#
##.###..
#........#
#..##..
#........#
##.##..
##....@...##
#..#..
.......o....#
##.#..
.......a....#
#....
........)...#
##...
..%....?)...#
#..#
............#
#..#
............#
#..#
.......)....#
..>#
...........#
###.#


You could see an orc warrior and a worker ant (confused).

Vanquished Creatures
  Pikel (D:3)
  A slave (D:3)
  An oklob sapling (D:5)
  2 howler monkeys
  2 orc priests
  2 hounds (D:5)
  Crazy Yiuf (D:2)
  An iguana (D:4)
  Natasha (thrice) (D:3)
  A worker ant (D:4)
  A hound zombie (D:5)
  5 adders
  4 gnolls
  An adder zombie (D:5)
  3 worms
  4 dart slugs
  2 leopard geckos
  11 orcs
  5 giant cockroaches
  11 goblins
  5 hobgoblins
  16 jackals
  2 quokkas (D:4)
  2 ball pythons (D:1)
  4 bats
  4 frilled lizards
  4 kobolds
  A quokka skeleton (D:5)
  A quokka zombie (D:5)
  9 rats
  A plant (D:5)
111 creatures vanquished.

Vanquished Creatures (others)
  An adder (D:4)
  A dart slug (D:4)
2 creatures vanquished.

Grand Total: 113 creatures vanquished

Notes
Turn   | Place    | Note
-------+----------+-------------------------------------------
     0 | D:1      | xccam the Gnoll Wanderer began the quest for the Orb.
     0 | D:1      | xccam set off with the following items: a +2 dagger, a
                  | scroll of blinking, a +0 robe, a ration; and the following
                  | spells available to memorise: Shock, Flame Tongue, Static
                  | Discharge, Inner Flame
     0 | D:1      | Reached XP level 1. HP: 17/17 MP: 6/6
     2 | D:1      | Learned a level 1 spell: Shock
   111 | D:1      | Reached XP level 2. HP: 8/23 MP: 2/7
   245 | D:1      | Reached XP level 3. HP: 20/28 MP: 5/9
   299 | D:1      | Reached skill level 5 in Spellcasting
   684 | D:1      | Reached skill level 1 in Invocations
   944 | D:2      | Reached skill level 1 in Short Blades
   944 | D:2      | Reached skill level 1 in Long Blades
   944 | D:2      | Reached skill level 1 in Axes
   944 | D:2      | Reached skill level 1 in Maces & Flails
   944 | D:2      | Reached skill level 1 in Staves
   944 | D:2      | Reached skill level 1 in Slings
   944 | D:2      | Reached skill level 1 in Bows
   944 | D:2      | Reached skill level 1 in Crossbows
   944 | D:2      | Reached skill level 1 in Throwing
   944 | D:2      | Reached skill level 1 in Armour
   944 | D:2      | Reached skill level 1 in Dodging
   944 | D:2      | Reached skill level 1 in Unarmed Combat
   944 | D:2      | Reached skill level 1 in Evocations
   954 | D:2      | Reached XP level 4. HP: 22/34 MP: 6/11
  1516 | D:2      | Found a runed translucent door.
  1517 | D:2      | Noticed Crazy Yiuf
  1527 | D:2      | Killed Crazy Yiuf
  1527 | D:2      | Reached skill level 1 in Conjurations
  1527 | D:2      | Reached skill level 1 in Hexes
  1527 | D:2      | Reached skill level 1 in Charms
  1527 | D:2      | Reached skill level 1 in Summonings
  1527 | D:2      | Reached skill level 1 in Necromancy
  1527 | D:2      | Reached skill level 1 in Translocations
  1527 | D:2      | Reached skill level 1 in Transmutations
  1527 | D:2      | Reached skill level 1 in Fire Magic
  1527 | D:2      | Reached skill level 1 in Ice Magic
  1527 | D:2      | Reached skill level 1 in Earth Magic
  1527 | D:2      | Reached skill level 1 in Poison Magic
  1527 | D:2      | Reached XP level 5. HP: 40/40 MP: 8/12
  1798 | D:3      | Found an ancient bone altar of Kikubaaqudgha.
  2248 | D:4      | Reached XP level 6. HP: 42/47 MP: 13/13
  2255 | D:4      | Noticed Natasha
  2255 | D:4      | Noticed a slave
  2260 | D:4      | Noticed Pikel
  2260 | D:4      | Noticed a slave
  2263 | D:4      | Noticed a slave
  2263 | D:4      | Noticed a slave
  2283 | D:3      | Killed a slave
  2286 | D:3      | Killed Natasha
  2599 | D:3      | Noticed Natasha
  2603 | D:3      | Killed Natasha
  2704 | D:3      | Noticed Natasha
  2715 | D:3      | Killed Natasha
  2753 | D:3      | Killed Pikel
  2753 | D:3      | Reached skill level 5 in Stealth
  2753 | D:3      | Reached XP level 7. HP: 21/53 MP: 12/15
  3057 | D:4      | Reached XP level 8. HP: 47/60 MP: 16/16
  3257 | D:4      | Identified Cogront's Catalogue of Enchantment
  3513 | D:5      | Entered Level 5 of the Dungeon
  3660 | D:5      | Reached skill level 6 in Air Magic
  3669 | D:5      | Found a staircase to the Ecumenical Temple.
  3842 | Temple   | Entered the Ecumenical Temple
  3908 | Temple   | Became a worshipper of Ru the Awakened
  3949 | D:5      | Slain by an orc warrior

Levels and vault maps discovered:
D:1:      minmay_arrival_open_corners, layout_basic, serial_glass,
          glass_columns_c, glass_columns_a, roderic_lattice_a,
          kennysheep_decorative_pillar
D:2:      layout_rooms, serial_aquarium, aquarium_bridge_square
          [aquarium_subvault_bridge, aquarium_subvault_wall,
          aquarium_subvault_balcony, aquarium_subvault_balcony],
          aquarium_window_2, aquarium_window_fake, aquarium_view_2f,
          aquarium_view_2c, aquarium_pool_1, uniq_crazy_yiuf_cottage
D:3:      layout_rooms, old_standard_altar
D:4:      layout_cave_pools, first_ration, serial_glass, glass_columns_a,
          glass_columns_a, glass_columns_a, glass_columns_c, glass_columns_a,
          glass_columns_a, glass_columns_c, glass_columns_c, uniq_pikel,
          uniq_natasha
D:5:      layout_basic, minmay_temple_entry_oklob
Temple:   nicolae_temple_the_god_donut

Skill      XL: |  1  2  3  4  5  6  7  8 |
---------------+-------------------------+-----
Spellcasting   | 5 |  5.9
Invocations    | 1 2 3 |  3.3
Short Blades   | 1 2 3 |  3.0
Long Blades    | 1 2 3 |  3.0
Axes           | 1 2 3 |  3.0
Maces & Flails | 1 2 3 |  3.0
Staves         | 1 2 3 |  3.0
Slings         | 1 2 3 |  3.0
Bows           | 1 2 3 |  3.0
Crossbows      | 1 2 3 |  3.0
Throwing       | 1 2 3 |  3.0
Armour         | 1 2 3 |  3.0
Dodging        | 1 2 3 |  3.0
Unarmed Combat | 1 2 3 |  3.0
Evocations     | 1 2 3 |  3.0
Conjurations   | 1 2 |  2.4
Hexes          | 1 2 |  2.4
Charms         | 1 2 |  2.4
Summonings     | 1 2 |  2.4
Necromancy     | 1 2 |  2.4
Translocations | 1 2 |  2.4
Transmutations | 1 2 |  2.4
Fire Magic     | 1 2 |  2.4
Ice Magic      | 1 2 |  2.4
Earth Magic    | 1 2 |  2.4
Poison Magic   | 1 2 |  2.4
Fighting       | 3 4 |  4.0
Polearms       | 3 4 |  4.0
Shields        | 3 4 |  4.0
Stealth        | 5 |  5.2
Air Magic      | 6 |  6.0

Action                   |  1- 3 |  4- 6 |  7- 9 || total
-------------------------+-------+-------+-------++-------
Melee: Dagger            |    75 |    16 |       ||    91
       Bite              |     8 |    16 |    12 ||    36
       Short sword       |       |    39 |       ||    39
       Quarterstaff      |       |    92 |    75 ||   167
 Cast: Shock             |    17 |    19 |     7 ||    43
  Use: Scroll            |       |     2 |     2 ||     4
       Potion            |       |     3 |       ||     3
 Stab: Sleeping          |     2 |     4 |     2 ||     8
       Petrified         |       |     5 |       ||     5
       Distracted        |       |       |     2 ||     2
  Eat: Chunk             |       |     6 |     2 ||     8
Armor: Robe              |    23 |       |       ||    23
       Ring mail         |     5 |    62 |     8 ||    75
Dodge: Dodged            |    57 |   107 |    51 ||   215
